 Dungeon Crawl Stone Soup version 0.27-a0-1036-g8e1b44f6bd (webtiles) character file.

Game seed: 6779036060364496303

41 streetpizza the Ducker (level 3, -3/29 HPs)
             Began as a Djinni Gladiator on Apr 18, 2021.
             Slain by a phantom (7 damage)
             ... on level 3 of the Dungeon.
             The game lasted 00:04:22 (1764 turns).

streetpizza the Ducker (Djinni Gladiator)           Turns: 1764, Time: 00:04:22

Health: -3/29      AC:  4    Str: 13    XL:     3   Next: 52%
Gold:   78         EV: 12    Int: 10    God:
                   SH:  0    Dex: 14

rFire    + + .     SeeInvis .   k - +2 dagger (venom)
rCold    x . .     Faith    .   (no shield)
rNeg     . . .     Spirit   .   b - +0 leather armour
rPois    ∞         Reflect  .   c - +0 helmet
rElec    .         Harm     .   (no cloak)
rCorr    .         Rampage  .   (no gloves)
Will     .....                  (boots unavailable)
Stlth    +.........             (no amulet)
HPRegen  0.09/turn              (no ring)
MPRegen  0.00/turn              (no ring)

@: flying
A: fire resistance 2, cold vulnerability 1, float, innate caster, hp casting,
extra vitality 1
a: no special abilities


You were on level 3 of the Dungeon.
You visited 1 branch of the dungeon, and saw 3 of its levels.

You collected 78 gold pieces.

Inventory:

Hand Weapons
 a - a +0 long sword
 k - a +2 dagger of venom (weapon)
Missiles
 d - 3 throwing nets (quivered)
Armour
 b - a +0 leather armour (worn)
 c - a +0 helmet (worn)
Scrolls
 e - a scroll of teleportation {unknown}
 f - a scroll of vulnerability {unknown}
 h - a scroll of torment {unknown}
 i - a scroll of summoning {unknown}
Potions
 g - a potion of haste {unknown}
 j - 2 potions of might {unknown}
 l - 2 potions of resistance {unknown}
 m - a potion of flight {unknown}
 n - a potion of invisibility {unknown}
 o - a potion of lignification {unknown}


   Skills:
 + Level 2.5 Fighting
 + Level 3.1 Long Blades
 - Level 1.5 Throwing
 + Level 3.7 Dodging
 + Level 1.0 Spellcasting


You had 3 spell levels left.
You knew the following spells:

 Your Spells              Type           Power      Damage    Failure   Level
a - Animate Skeleton      Necr           4%         N/A       28%         1
Your spell library was empty.

Dungeon Overview and Level Annotations

Branches:
Dungeon (3/15)

Altars:


Innate Abilities, Weirdness & Mutations

You are immune to poison.
Your flesh is very heat resistant. (rF++)
You are vulnerable to cold. (rC-)
You float through the air rather than walking.
You learn spells naturally, not from books.
Your magical power is your life essence.
You have superior vitality. (+4 HP)


Message History

The phantom is moderately damaged.
The phantom hits you.
The phantom blinks!
You blink.
You hit the phantom but do no damage.
The phantom is moderately damaged.
The phantom barely misses you.
You completely miss the phantom.
The phantom is lightly damaged.
The phantom closely misses you.
You miss the phantom.
The phantom is lightly damaged.
You miss the phantom.
The phantom is lightly damaged.
The phantom closely misses you.
You hit the phantom but do no damage.
The phantom is lightly damaged.
The phantom barely misses you.
You miss the phantom.
The phantom is lightly damaged.
The phantom misses you.
You closely miss the phantom.
The phantom is lightly damaged.
The phantom hits you but does no damage.
You hit the phantom.
The phantom is moderately damaged.
The phantom hits you.
* * * LOW HITPOINT WARNING * * *
The phantom blinks!
You blink.
There is a stone staircase leading up here.
You closely miss the phantom.
The phantom is moderately damaged.
The phantom completely misses you.
You hit the phantom.
The phantom is moderately damaged.
The phantom hits you.
* * * LOW HITPOINT WARNING * * *
The phantom blinks!
You blink.
You hit the phantom.
The phantom is heavily damaged.
The phantom hits you!
You die...

...##.............
.................
♣........######.
♣♣..........[##.
♣≈♣P...........'#.
≈≈≈............##.
P♣≈...<§......##.
♣♣♣♣............#.
♣@W......##.....P≈
♣###.....######≈≈≈
#.....# .≈P
####### ##. .


You could see a phantom.

Vanquished Creatures
  A dart slug (D:2)
  4 endoplasms
  A giant cockroach (D:1)
  4 goblins
  3 hobgoblins
  3 jackals
  4 kobolds
  4 quokkas
  2 ball pythons (D:1)
  3 bats
  3 frilled lizards (D:1)
  2 rats
34 creatures vanquished.

Vanquished Creatures (others)
  A plant (D:3)
1 creature vanquished.

Grand Total: 35 creatures vanquished

Notes
Turn   | Place    | Note
-------+----------+-------------------------------------------
     0 | D:1      | streetpizza the Djinni Gladiator began the quest for the
                  | Orb.
     0 | D:1      | Reached XP level 1. HP: 18/18 MP: 0/0
     0 | D:1      | Noticed a tentacled monstrosity
     0 | D:1      | Noticed a green draconian
     2 | D:1      | Noticed an orb of fire
     4 | D:1      | Noticed a large abomination
     4 | D:1      | Noticed an iron dragon
     7 | D:1      | Noticed a shadow dragon
     9 | D:1      | Noticed an orb of fire
    11 | D:1      | Noticed an orb of fire
    11 | D:1      | Noticed a shadow dragon
    13 | D:1      | Noticed a large abomination
    13 | D:1      | Noticed an orb of fire
    16 | D:1      | Noticed a red draconian
    16 | D:1      | Noticed a shadow dragon
    19 | D:1      | Noticed a shadow dragon
    19 | D:1      | Noticed an orb of fire
    19 | D:1      | Noticed a large abomination
    21 | D:1      | Noticed a tentacled monstrosity
    46 | D:1      | Reached XP level 2. HP: 20/23 MP: 0/0
   869 | D:1      | Reached XP level 3. HP: 29/29 MP: 0/0
   869 | D:1      | Learned a level 1 spell: Animate Skeleton
  1173 | D:2      | Reached skill level 1 in Spellcasting
  1730 | D:3      | Noticed a phantom
  1764 | D:3      | Slain by a phantom

Illustrated notes

Levels and vault maps discovered:
D:1:      shiori_arrival_whats_in_store_for_you, layout_rooms,
          minmay_octomino_c4
D:2:      layout_basic
D:3:      layout_basic, serial_bayou, serial_bayou_shore_b,
          serial_bayou_crossing, serial_bayou_pond_e, serial_bayou_lagoon_a,
          kennysheep_generic_room_10, uniq_crazy_yiuf_cottage, uniq_sigmund

Skill      XL: |  1  2  3 |
---------------+----------+-----
Long Blades    | 3 |  3.1
Spellcasting   | 1 |  1.0
Fighting       | |  2.5
Throwing       | |  1.5
Dodging        | |  3.7

Action                   || total
-------------------------++-------
Melee: Long sword        ||    67
       Dagger            ||    46
Armor: Leather armour    ||    29
Dodge: Dodged            ||    68
       Rpst.: Long sword ||    14

Table legend: (Time is in decaauts)
 A = Elapsed time spent in this place.
 B = Non-inter-level travel time spent in this place.
 C = Inter-level travel time spent in this place.
 D = Time resting spent in this place.
 E = Time spent auto-exploring this place.
 F = Levels seen in this place.
 G = Mean time per level.
                   A        B        C        D        E       F      G
               +--------+--------+--------+--------+--------+-----+--------+
         Total |   1776 |   1716 |     60 |      0 |   1435 |   3 |  592.0 |
       Dungeon |   1776 |   1716 |     60 |      0 |   1435 |   3 |  592.0 |
               +--------+--------+--------+--------+--------+-----+--------+

Top non-repeatable levels by time:
     D:1: 1080 daAuts
     D:2: 640 daAuts
     D:3: 56 daAuts
